 Dungeon Crawl Stone Soup version 0.25-b1-46-gb8a1ec05df (webtiles) character file.

Game seed: 11379058834533151986

218388 nikku the Slayer (level 18, -8/190 HPs)
             Began as a Minotaur Berserker on June 11, 2020.
             Was a High Priest of Trog.
             Mangled by a 14-headed hydra (11 damage)
             ... on level 4 of the Swamp.
             The game lasted 01:54:14 (37273 turns).

nikku the Slayer (Minotaur Berserker)              Turns: 37273, Time: 01:54:14

Health: -8/190     AC: 34    Str: 28    XL:     18   Next: 41%
Magic:  17/17      EV:  7    Int:  5    God:    Trog [*****.]
Gold:   1571       SH: 15    Dex: 11    Spells: 17/17 levels left

rFire    + + +     SeeInvis +   K - +9 war axe "Qusavviz" {vorpal, rC+}
rCold    + + .     Gourm    .   d - +1 kite shield
rNeg     . . .     Faith    .   a - +12 chain mail "Naeriathrudd" {rCorr SInv}
rPois    +         Spirit   .   (helmet restricted)
rElec    .         Reflect  .   M - +1 cloak of Nuys {rF+}
rCorr    +         Harm     .   Q - +0 pair of gloves
MR       ++++.                  L - +2 pair of boots {run}
Stlth    ..........             (no amulet)
HPRegen  1.41/turn              i - ring of protection from magic
MPRegen  0.15/turn              z - ring of protection from cold

@: grasped by roots, regenerating, constricted, quick
A: retaliatory headbutt, horns 2, fire resistance 2, poison resistance
}: 1/15 runes: serpentine
a: Berserk, Trog's Hand, Brothers in Arms, Renounce Religion


You were on level 4 of the Swamp.
You worshipped Trog.
Trog was extremely pleased with you.
You were hungry.

You visited 5 branches of the dungeon, and saw 31 of its levels.

You collected 2958 gold pieces.
You spent 1387 gold pieces at shops.

Inventory:

Hand Weapons
 K - the +9 war axe "Qusavviz" (weapon) {vorpal, rC+}
   (You bought it in a shop on level 15 of the Dungeon)

   It inflicts extra damage upon your enemies.
   It protects you from cold.
 N - the +7 war axe of Xufriqin {antimagic, rN++ Int-2 Dex+7}
   (You found it on level 2 of the Snake Pit)

   It reduces the magical energy of the wielder, and disrupts the spells and
   magical abilities of those hit.
   Natural abilities and divine invocations are not affected.
   It affects your intelligence (-2).
   It affects your dexterity (+7).
   It greatly protects you from negative energy.
Missiles
 e - 6 atropa-tipped darts
 f - 13 curare-tipped darts
 r - 67 poisoned darts (quivered)
 w - 17 javelins
 E - 8 datura-tipped darts
Armour
 a - the +12 chain mail "Naeriathrudd" (worn) {rCorr SInv}
   (You found it on level 4 of the Dungeon)

   It lets you see invisible.
   It provides partial protection from all sources of acid and corrosion.
 d - a +1 kite shield (worn)
 p - a +0 crystal plate armour
 v - a scarf of invisibility
 C - a scarf of repulsion
 L - a +2 pair of boots of running (worn)
 M - the +1 cloak of Nuys (worn) {rF+}
   (You bought it in a shop on level 2 of the Orcish Mines)

   It protects you from fire.
 P - +4 storm dragon scales {Bai Suzhen}
 Q - a +0 pair of gloves (worn)
Jewellery
 i - a ring of protection from magic (left hand)
 m - an uncursed ring of positive energy
 z - a ring of protection from cold (right hand)
 F - an uncursed amulet of faith
Wands
 b - a wand of clouds (2)
 o - a wand of digging (21)
 y - a wand of disintegration (9)
 G - a wand of polymorph (17)
 I - a wand of random effects (44)
 J - a wand of paralysis (16)
 R - a wand of iceblast (9)
Scrolls
 l - 4 scrolls of identify
 n - 2 scrolls of enchant weapon
 q - 3 scrolls of fear
 t - 5 scrolls of magic mapping
 x - 8 scrolls of remove curse
 A - 5 scrolls of teleportation
 D - 2 scrolls of blinking
 S - a scroll of holy word
Potions
 g - 4 potions of invisibility
 h - a potion of resistance
 j - 6 potions of lignification
 s - 2 potions of cancellation
 B - 2 potions of curing
 H - 2 potions of might
Miscellaneous
 u - a lightning rod (4/4)
 O - a phial of floods
Comestibles
 c - 32 rations


   Skills:
 * Level 24.0 Fighting
 - Level 19.5 Axes
 + Level 16.2 Armour
 - Level 2.1 Dodging
 - Level 15.0 Shields


You had 17 spell levels left.
You didn't know any spells.
Your spell library was empty.

Dungeon Overview and Level Annotations

Branches:
Dungeon (15/15)            Temple (0/1) D:5            Lair (6/6) D:10
  Swamp (4/4) Lair:4        Snake (4/4) Lair:4        Slime (0/5) Lair:5
    Orc (2/2) D:9             Elf (0/3) Orc:2        Vaults (0/5) D:13
 Depths (0/5) D:15

Altars:
Ashenzari
Dithmenos
Elyvilon
Fedhas
Kikubaaqudgha
Makhleb
Nemelex Xobeh
Okawaru
Qazlal
Ru
Sif Muna
Uskayaw
Zin
The Shining One
Jiyva

Shops:
D:7 }   D:8 *   D:12 *   D:15 !(   Orc:2 ![?(

Portals:
Abyss: Snake:3

Annotations:
Lair:4 1 runed translucent door, Wairalebb's ghost, journeyman BaFi
Swamp:1 2 transporters
Swamp:3 3 runed translucent doors, Keoguots's ghost, adept GnSk
Snake:3 2 transporters, Zoimialu's ghost, adept OpWz


Innate Abilities, Weirdness & Mutations

You reflexively headbutt those who attack you in melee.
You have a pair of horns on your head.
Your flesh is very heat resistant. (rF++)
Your system is resistant to poisons. (rPois)


Message History

The 14-headed hydra bites you but does no damage.
The 14-headed hydra bites you!
* * * LOW HITPOINT WARNING * * *
You block the 14-headed hydra's attack.
The 14-headed hydra bites you but does no damage.
As you read the scroll of fear, it crumbles to dust.
You assume a fearsome visage.
The ten-headed hydra looks frightened!
The shambling mangrove is unaffected.
The swamp drake looks frightened!
The swamp dragon looks frightened!
The 14-headed hydra resists with almost no effort.
The spriggan druid looks frightened!
The 14-headed hydra bites you but does no damage.
You block the 14-headed hydra's attack. x2
The 14-headed hydra bites you but does no damage.
The 14-headed hydra bites you.
* * * LOW HITPOINT WARNING * * *
The 14-headed hydra completely misses you.
The 14-headed hydra bites you but does no damage. x3
The 14-headed hydra bites you!
You die...

≈≈≈≈≈≈..♣♣
≈≈≈≈≈≈.≈♣♣ ≈≈≈≈≈≈..♣
♣ ♣≈.≈≈≈..♣
♣♣≈♣≈f§≈≈.≈♣
♣.≈...≈≈≈.?♣♣
≈...≈.≈D†..≈♣♣
≈≈.♣♣....k.@.≈≈..♣♣
≈≈≈≈ ≈?≈≈≈≈≈≈i≈≈≈≈≈♣
≈≈≈♣ .≈D≈≈D≈≈≈≈≈≈≈≈♣
≈≈.♣♣♣≈≈≈≈≈≈≈≈....♣♣
♣♣...≈..♣♣♣≈≈≈..♣♣♣♣
♣≈..≈≈.≈.♣♣≈≈≈≈≈.≈♣
♣≈.≈≈..≈♣ ♣♣..≈≈.≈♣
♣ ♣.....♣♣ ♣♣.≈≈.♣♣
♣♣ ♣♣<≈≈≈≈♣ ♣♣♣.≈♣♣


You could see a shambling mangrove, a 14-headed hydra, a ten-headed hydra
(fleeing), a swamp dragon (fleeing), a spriggan druid (fast, fleeing) and a
swamp drake (fleeing).

Vanquished Creatures
  Kirke (D:14)
  Donald (Snake:1)
  A thorn hunter (Swamp:1)
  5 nagarajas (Snake:4)
  Aizul (Snake:4)
  A frost giant (D:15)
  An ironheart preserver (D:13)
  Nessos (D:13)
  Azrael (Snake:2)
  4 dire elephants (Lair:6)
  A death ooze (Lair:2)
  16 naga warriors
  The ghost of Zoobame the Devastator, a journeyman DEWz of Sif Muna (Lair:2)
  18 hydras
  A shambling mangrove (Swamp:2)
  A ghost crab (Swamp:3)
  14 anacondas
  4 catoblepae
  16 alligators
  A centaur warrior (D:15)
  13 two-headed ogres
  2 ogre magi (Orc:2)
  A tengu warrior (D:15)
  12 naga sharpshooters
  3 spriggans (Swamp:2)
  6 shock serpents
  Sonja (D:11)
  3 salamander mystics
  9 swamp dragons
  2 spriggan druids (Swamp:3)
  2 deep trolls (Orc:2)
  5 unseen horrors
  A wizard (D:15)
  A lindwurm (Lair:4)
  9 naga ritualists
  2 orc knights
  A wolf spider zombie (D:14)
  A wolf spider (D:15)
  A necromancer (D:14)
  An orc sorcerer (D:15)
  11 ugly things
  A deep elf mage (D:12)
  10 salamanders
  11 mana vipers
  3 manticores
  A manticore (shapeshifter) (D:15)
  6 cyclopes
  28 elephants
  38 black mambas
  31 naga magi
  4 guardian serpents
  21 spiny frogs
  3 gargoyles
  A redback zombie (D:14)
  2 kobold demonologists
  4 komodo dragons
  6 yaktaurs (D:15)
  6 rime drakes
  5 tengu conjurers
  9 hornets
  4 tyrant leeches
  15 trolls
  A polar bear (Lair:4)
  5 bog bodies
  12 dream sheep (Lair:6)
  Prince Ribbit (D:6)
  23 slime creatures
  9 hippogriffs
  8 blink frogs
  A centaur simulacrum (D:14)
  4 wyverns
  Sigmund (D:2)
  A wraith (D:12)
  A vampire (D:12)
  5 shadows
  2 water elementals (D:15)
  34 yaks
  A human (shapeshifter) (D:15)
  4 hogs (D:14)
  3 basilisks
  3 fire elementals (Snake:2)
  A steam dragon (D:7)
  21 vampire mosquitoes
  15 swamp worms
  3 wargs (Orc:1)
  56 nagas
  6 insubstantial wisps (Swamp:3)
  14 water moccasins
  2 acid dragons
  2 hell hounds (Snake:2)
  5 porcupines
  Duvessa (D:5)
  5 sky beasts
  3 phantoms
  5 swamp drakes
  3 ice beasts
  3 black bears
  18 orc warriors
  A necrophage (D:15)
  27 ogres
  6 wolves (Lair:4)
  14 centaurs
  2 eyes of draining
  4 big kobolds
  11 crocodiles
  16 bullfrogs
  Dowan (D:5)
  4 gnoll sergeants
  4 scorpions
  6 wights
  9 killer bees
  A howler monkey (D:10)
  2 bullfrog zombies
  8 crimson imps
  4 centaur zombies
  6 centaur skeletons
  8 lava snakes (Snake:1)
  16 orc priests
  3 bullfrog skeletons
  4 human zombies (D:15)
  A gnoll shaman (D:6)
  7 hounds
  A human skeleton (D:15)
  8 jellies
  18 orc wizards
  Terence (D:2)
  3 iguanas
  15 worker ants
  3 mummies (D:15)
  21 gnolls
  11 adders
  3 shadow imps
  5 oozes (D:14)
  An adder skeleton (D:4)
  An adder zombie (D:5)
  4 worms
  A dart slug (D:3)
  8 leopard geckos
  73 orcs
  16 bats
  9 giant cockroaches
  5 goblins
  7 hobgoblins
  21 jackals
  6 quokkas
  2 ball pythons
  8 frilled lizards
  14 kobolds
  2 orc zombies (D:15)
  A quokka skeleton (D:4)
  9 rats
  5 briar patches (Swamp:1)
  3 fungi
  13 plants
1131 creatures vanquished.

Vanquished Creatures (collateral kills)
  Bai Suzhen (Snake:3)
  A jelly (Lair:2)
  An orc (Orc:1)
3 creatures vanquished.

Vanquished Creatures (others)
  2 fungi
  4 plants
6 creatures vanquished.

Grand Total: 1140 creatures vanquished

Notes
Turn   | Place    | Note
-------+----------+-------------------------------------------
     0 | D:1      | nikku the Minotaur Berserker began the quest for the Orb.
     0 | D:1      | Reached XP level 1. HP: 19/19 MP: 0/0
   216 | D:1      | Reached XP level 2. HP: 27/27 MP: 1/1
   219 | D:1      | Reached skill level 4 in Fighting
   401 | D:1      | Reached XP level 3. HP: 33/33 MP: 2/2
   449 | D:1      | Reached ** piety under Trog
  1335 | D:2      | Noticed Sigmund
  1362 | D:2      | Killed Sigmund
  1362 | D:2      | Reached skill level 5 in Fighting
  1362 | D:2      | Reached skill level 5 in Axes
  1362 | D:2      | Reached XP level 4. HP: 34/42 MP: 3/3
  1362 | D:2      | Reached XP level 5. HP: 40/49 MP: 4/4
  1550 | D:2      | Found a glowing silver altar of Zin.
  1563 | D:2      | Noticed Terence
  1569 | D:2      | Killed Terence
  1591 | D:2      | Found a shimmering blue altar of Sif Muna.
  2044 | D:3      | Found a glowing golden altar of the Shining One.
  2083 | D:3      | Reached XP level 6. HP: 53/57 MP: 5/5
  2129 | D:3      | Found a shattered altar of Ashenzari.
  2320 | D:3      | Reached skill level 6 in Fighting
  2348 | D:3      | Reached *** piety under Trog
  3176 | D:4      | Found a hide-covered altar of Uskayaw.
  3180 | D:4      | Got a heavily runed chain mail
  3286 | D:4      | Reached XP level 7. HP: 48/64 MP: 6/6
  3551 | D:4      | Got a glimmering hand axe
  3552 | D:4      | Identified the cursed +2 hand axe "Yruwkid" {vamp, +Fly
                  | rElec rF++ Dex-5} (You found it on level 4 of the Dungeon)
  3650 | D:4      | Found a blossoming altar of Fedhas.
  3693 | D:4      | Found a sacrificial altar of Ru.
  3811 | D:5      | Entered Level 5 of the Dungeon
  3959 | D:5      | Reached skill level 7 in Fighting
  3960 | D:5      | Reached skill level 5 in Armour
  4114 | D:5      | Found a staircase to the Ecumenical Temple.
  4232 | D:5      | Got a slimy ring mail
  4270 | D:5      | Identified the +12 chain mail "Naeriathrudd" {rCorr SInv}
                  | (You found it on level 4 of the Dungeon)
  4506 | D:5      | Noticed Duvessa
  4506 | D:5      | Noticed Dowan
  4511 | D:5      | Killed Duvessa
  4515 | D:5      | Killed Dowan
  4515 | D:5      | Reached skill level 8 in Fighting
  4515 | D:5      | Reached XP level 8. HP: 74/74 MP: 7/7
  5065 | D:5      | Identified the +0 ring mail of Stoicism {-Cast Regen+ rCorr
                  | Int+6} (You found it on level 5 of the Dungeon)
  5136 | D:6      | Found a sparkling altar of Nemelex Xobeh.
  5189 | D:6      | Reached **** piety under Trog
  5191 | D:6      | Noticed Prince Ribbit
  5205 | D:6      | Reached skill level 9 in Fighting
  5208 | D:6      | Killed Prince Ribbit
  5929 | D:7      | Reached XP level 9. HP: 82/84 MP: 8/8
  6130 | D:7      | Reached skill level 10 in Fighting
  6130 | D:7      | Reached skill level 10 in Axes
  6640 | D:7      | Found Fuvoup's Gadget Emporium.
  6932 | D:8      | Reached skill level 11 in Fighting
  6966 | D:8      | Found a shadowy altar of Dithmenos.
  7375 | D:8      | Reached XP level 10. HP: 90/96 MP: 9/9
  7495 | D:8      | Found Siph's Assorted Antiques.
  7858 | D:9      | Found a staircase to the Orcish Mines.
  7874 | D:9      | Reached skill level 12 in Fighting
  7881 | D:9      | Reached ***** piety under Trog
  8024 | D:9      | Found an iron altar of Okawaru.
  8059 | D:9      | Found a white marble altar of Elyvilon.
  8309 | D:10     | Entered Level 10 of the Dungeon
  8333 | D:10     | Found a staircase to the Lair.
  8424 | D:10     | Noticed a two-headed ogre
  8434 | D:10     | Killed a two-headed ogre
  8734 | D:10     | Noticed a five-headed hydra
  8747 | D:10     | Killed a ten-headed hydra
  8747 | D:10     | Reached XP level 11. HP: 76/106 MP: 10/10
  8900 | D:10     | Reached skill level 13 in Fighting
  9480 | D:11     | Noticed Sonja
  9763 | D:10     | Gained mutation: You are partially covered in large bone
                  | plates. (SH +4) [potion of mutation]
  9763 | D:10     | Gained mutation: You tend to lose your temper in combat.
                  | [potion of mutation]
  9763 | D:10     | Gained mutation: You have a pair of large horns on your
                  | head. [potion of mutation]
  9764 | D:10     | Lost mutation: You have a pair of large horns on your head.
                  | [potion of mutation]
  9764 | D:10     | Lost mutation: You tend to lose your temper in combat.
                  | [potion of mutation]
  9764 | D:10     | Gained mutation: You are frail. (-10% HP) [potion of
                  | mutation]
  9764 | D:10     | Lost mutation: You are frail. (-10% HP) [potion of
                  | mutation]
  9764 | D:10     | Gained mutation: You expend magic power (3 MP) to
                  | strengthen your wands. [potion of mutation]
  9764 | D:10     | Gained mutation: Your mind is acute. (Int +2) [potion of
                  | mutation]
  9765 | D:10     | Lost mutation: Your mind is acute. (Int +2) [potion of
                  | mutation]
  9765 | D:10     | Lost mutation: You expend magic power (3 MP) to strengthen
                  | your wands. [potion of mutation]
  9765 | D:10     | Lost mutation: You are partially covered in large bone
                  | plates. (SH +4) [potion of mutation]
  9765 | D:10     | Gained mutation: Your flesh is heat resistant. (rF+)
                  | [potion of mutation]
  9765 | D:10     | Gained mutation: Your flesh is very heat resistant. (rF++)
                  | [potion of mutation]
  9765 | D:10     | Gained mutation: Your system is resistant to poisons.
                  | (rPois) [potion of mutation]
  9919 | D:11     | Noticed an unseen horror
  9927 | D:11     | Killed an unseen horror
 10120 | D:11     | Killed Sonja
 10120 | D:11     | Reached skill level 10 in Armour
 10574 | D:12     | You fall into a shaft and drop 1 floor!
 10710 | D:12     | Reached skill level 14 in Fighting
 10767 | D:12     | Found Qelacuegg's Assorted Antiques.
 11063 | D:12     | Noticed an unseen horror
 11068 | D:12     | Killed an unseen horror
 11191 | D:12     | Noticed a deep elf mage
 11198 | D:12     | Killed a deep elf mage
 11343 | D:12     | Reached XP level 12. HP: 115/118 MP: 11/11
 11417 | D:12     | Noticed a five-headed hydra
 11426 | D:12     | Killed a ten-headed hydra
 11702 | Lair:1   | Entered Level 1 of the Lair of Beasts
 12729 | Lair:2   | Reached skill level 15 in Axes
 12734 | Lair:2   | Reached skill level 15 in Fighting
 12958 | Lair:2   | Found a runed translucent gate.
 12958 | Lair:2   | Found a runed translucent gate.
 12958 | Lair:2   | Found a runed translucent gate.
 12960 | Lair:2   | Noticed a death ooze
 12961 | Lair:2   | Noticed Zoobame's ghost (journeyman DEWz)
 12963 | Lair:2   | Found a viscous altar of Jiyva.
 12977 | Lair:2   | Killed a death ooze
 12991 | Lair:2   | Killed Zoobame's ghost
 13968 | Lair:3   | Got a jewelled ring mail
 13979 | Lair:3   | Identified the +3 ring mail of Hairiness {rElec rPois
                  | Str-5} (You found it on level 3 of the Lair of Beasts)
 14473 | Lair:4   | Reached skill level 16 in Fighting
 14749 | Lair:4   | Got an ichor-stained ring mail
 14760 | Lair:4   | Identified the +2 ring mail "Neonudel" {rN++ Str-2 Int+7}
                  | (You found it on level 4 of the Lair of Beasts)
 14838 | Lair:4   | Reached XP level 13. HP: 115/128 MP: 12/12
 15193 | Lair:4   | Found a staircase to the Swamp.
 15340 | Lair:4   | Found a staircase to the Snake Pit.
 15523 | Lair:4   | Received a gift from Trog
 15646 | Lair:4   | Found a runed translucent door.
 15820 | Lair:4   | Noticed Wairalebb's ghost (journeyman BaFi)
 16167 | Lair:5   | Reached skill level 17 in Fighting
 16215 | Lair:5   | Found a stormy altar of Qazlal.
 16430 | Lair:5   | Found a staircase to the Slime Pits.
 16582 | Lair:6   | Entered Level 6 of the Lair of Beasts
 17112 | Lair:6   | Reached XP level 14. HP: 141/141 MP: 13/13
 18086 | Lair:6   | Reached skill level 18 in Fighting
 18787 | D:13     | Noticed Nessos
 18919 | D:13     | Killed Nessos
 19731 | D:13     | Found a gate to the Vaults.
 19731 | D:13     | Noticed an ironheart preserver
 19750 | D:13     | Killed an ironheart preserver
 20078 | D:13     | Identified the cursed +0 chain mail of Heresy {rC+ Regen+
                  | rCorr Int+4}
 20780 | D:14     | Identified the Handbook of Stones and Summoning
 20878 | D:14     | Noticed Kirke
 20884 | D:14     | Reached skill level 19 in Fighting
 20897 | D:14     | Killed Kirke
 21277 | D:15     | Entered Level 15 of the Dungeon
 21284 | D:15     | Reached XP level 15. HP: 152/152 MP: 14/14
 21403 | D:15     | Received a gift from Trog
 21659 | D:15     | Found Exkakhloi's Weapon Shoppe.
 21676 | D:15     | Bought the +9 war axe "Qusavviz" {vorpal, rC+} for 963 gold
                  | pieces
 22238 | D:15     | Found an ancient bone altar of Kikubaaqudgha.
 22321 | D:15     | Reached skill level 1 in Shields
 22500 | D:15     | Found Ihabej's Distillery.
 22551 | D:15     | Found a staircase to the Depths.
 22551 | D:15     | Noticed a frost giant
 22558 | D:15     | Killed a frost giant
 23036 | Orc:1    | Entered Level 1 of the Orcish Mines
 23332 | Orc:1    | You fall into a shaft and drop 1 floor!
 23332 | Orc:2    | Entered Level 2 of the Orcish Mines
 23378 | Orc:2    | Reached skill level 5 in Shields
 23385 | Orc:2    | Found Bustifo's Antique Armour Boutique.
 23385 | Orc:2    | Found Xargh's Antique Weapon Shop.
 23882 | Orc:2    | Found a staircase to the Elven Halls.
 24108 | Orc:2    | Reached skill level 20 in Fighting
 24661 | Orc:2    | Found Goforgh's Distillery.
 24876 | Orc:2    | Found Jutaneish's Magic Scroll Boutique.
 25020 | Orc:2    | Bought a pair of glowing boots for 187 gold pieces
 25020 | Orc:2    | Bought a jewelled cloak for 237 gold pieces
 25032 | Orc:2    | Identified a +0 pair of boots of running (You bought it in
                  | a shop on level 2 of the Orcish Mines)
 25058 | Orc:2    | Identified the +1 cloak of Nuys {rF+} (You bought it in a
                  | shop on level 2 of the Orcish Mines)
 25219 | Snake:1  | Entered Level 1 of the Snake Pit
 25310 | Snake:1  | Received a gift from Trog
 25392 | Snake:1  | Noticed Donald
 25411 | Snake:1  | Killed Donald
 25759 | Snake:1  | Reached XP level 16. HP: 103/165 MP: 15/15
 26261 | Snake:1  | Got a pitted plate armour
 26264 | Snake:1  | Identified the +6 plate armour "Gaosedi" {-Tele *Corrode
                  | rC+ Str+9} (You found it on level 1 of the Snake Pit)
 27147 | Snake:2  | Noticed Azrael
 27158 | Snake:2  | Killed Azrael
 27158 | Snake:2  | Reached skill level 21 in Fighting
 27175 | Snake:2  | Reached skill level 10 in Shields
 28080 | Snake:2  | Got a dazzling war axe
 28081 | Snake:2  | Identified the +7 war axe of Xufriqin {antimagic, rN++
                  | Int-2 Dex+7} (You found it on level 2 of the Snake Pit)
 29409 | Snake:3  | Found a one-way gate to the infinite horrors of the Abyss.
 29409 | Snake:3  | Noticed Zoimialu's ghost (adept OpWz)
 29417 | Snake:3  | Found a transporter.
 29425 | Snake:3  | Identified the cursed +3 rapier of Ysit {distort, MR++}
 29839 | Snake:3  | Found a transporter.
 30312 | Snake:3  | Noticed Bai Suzhen
 30324 | Snake:3  | Killed Bai Suzhen
 30324 | Snake:3  | Reached skill level 22 in Fighting
 30441 | Snake:4  | Entered Level 4 of the Snake Pit
 30477 | Snake:4  | Reached XP level 17. HP: 166/176 MP: 16/16
 30614 | Snake:4  | Noticed Aizul
 30642 | Snake:4  | Killed Aizul
 30829 | Snake:4  | Received a gift from Trog
 32185 | Snake:4  | Got a serpentine rune of Zot
 32197 | Snake:4  | Reached skill level 15 in Armour
 32597 | Snake:4  | Reached ****** piety under Trog
 32782 | Snake:4  | Found a burning altar of Makhleb.
 33192 | Swamp:1  | Entered Level 1 of the Swamp
 33461 | Swamp:1  | Found a transporter.
 33801 | Swamp:1  | Found a transporter.
 33948 | Swamp:1  | Reached skill level 23 in Fighting
 33982 | Swamp:1  | Received a gift from Trog
 34294 | Swamp:2  | Reached skill level 15 in Shields
 34703 | Swamp:2  | Reached XP level 18. HP: 188/188 MP: 17/17
 36152 | Swamp:3  | Found a runed translucent gate.
 36153 | Swamp:3  | Found a runed translucent gate.
 36154 | Swamp:3  | Found a runed translucent gate.
 36155 | Swamp:3  | Noticed Keoguots's ghost (adept GnSk)
 36524 | Swamp:4  | Entered Level 4 of the Swamp
 36736 | Swamp:4  | Received a gift from Trog
 36950 | Swamp:4  | Reached skill level 24 in Fighting
 37272 | Swamp:4  | HP: 3/190 [14-headed hydra (9)]
 37273 | Swamp:4  | Mangled by a 14-headed hydra

Illustrated notes

Levels and vault maps discovered:
D:1:      dpeg_arrival_tiny_h, layout_loops_corners, minmay_indecisive_spiral
D:2:      layout_loops_ring, old_standard_altar, old_standard_altar,
          uniq_terence, uniq_sigmund
D:3:      layout_basic, tso_oasis_becter, old_standard_altar
D:4:      layout_rooms, lemuel_doored_altar, nicolae_ru_path_of_blood,
          fedhas_altar_3, first_ration
D:5:      layout_basic, minmay_temple_entry_large_hall, uniq_duvessa
D:6:      layout_basic, nemelex_diamond_rough_becter, uniq_prince_ribbit1
D:7:      layout_loops_ring, serial_shops, nicolae_shop_statue_plus
D:8:      layout_basic, lemuel_round_altar, serial_shops, shop
D:9:      layout_cave_pools, okawaru_gym_becter,
          kennysheep_orc_monster_closet_entryway, elyvilon_altar_5
D:10:     layout_roguey, lair_entry_dummy
D:11:     layout_long_grid, uniq_sonja
D:12:     layout_gridville, serial_shops, nicolae_shop_overgrown_old_shop
D:13:     nzn_motion_control, layout_loops_ring,
          skrybe_vaults_entry_preservation, gauntlet_entry_generic,
          portal_ice_cave_rime, uniq_nessos
D:14:     layout_loops_ring, nrook_mini_vaults, hangedman_little_slice_of_home,
          uniq_kirke
D:15:     grunt_enter_depths_snipers, layout_rooms, serial_shops, shop,
          nicolae_shop_behind_doors, nrook_pool_corridor,
          lemuel_mausoleum_altar_kikubaaqudgha
Lair:1:   layout_small_grid
Lair:2:   layout_misc_corridors, gammafunk_ghost_ooze
Lair:3:   layout_big_grid, st_stairs_7
Lair:4:   layout_gridlike, skrybe_swamp_entry_bodies,
          minmay_snake_entry_guardpost_medium, ebering_ghost_reflecting_pool
Lair:5:   layout_small_grid, slime_dummy, basic_altar,
          nicolae_lair_grove_arrangements
Lair:6:   due_jungle_book, layout_regular_city
Swamp:1:  gammafunk_the_bubble [the_bubble_gammafunk_plus_minus],
          layout_basic_swamp, nicolae_swamp_round_clearing,
          hangedman_swamp_lotus, infiniplex_staircase_pool
Swamp:2:  layout_falls_marsh, nicolae_swamp_triple_paths, swamp_pool1,
          hangedman_swamp_blocks
Swamp:3:  layout_falls_marsh, ebering_ghost_rock_garden,
          evilmike_swamp_ruin_house_6
Swamp:4:  swamp_alternative, layout_basic_swamp, swamp_pool3
Snake:1:  layout_layer_cave, nicolae_snake_lava_pool, uniq_donald
Snake:2:  layout_grid_maze, lemuel_fruit_tree, uniq_azrael
Snake:3:  cheibrodos_forgotten_conduit, layout_gridlike,
          gammafunk_ghost_abyssal_escape, uniq_bai_suzhen
Snake:4:  snake_pit, layout_gridlike, basic_altar, uniq_aizul
Orc:1:    layout_caves
Orc:2:    st_orc_open, layout_diamond_mine, rock_pile

Skill      XL: |  1  2  3  4  5  6  7  8  9 10 11 12 13 14 15 16 17 18 |
---------------+-------------------------------------------------------+-----
Fighting       | 4 5 6 8 9 11 12 14 16 17 19 20 22 23 24 | 24.0
Axes           | 4 5 6 7 9 11 12 14 16 17 19 | 19.5
Armour         | 3 4 5 6 8 9 10 11 13 14 15 16 | 16.2
Shields        | 8 12 15 | 15.0
Dodging        | |  2.1

Action                   |  1- 3 |  4- 6 |  7- 9 | 10-12 | 13-15 | 16-18 || total
-------------------------+-------+-------+-------+-------+-------+-------++-------
Melee: Hand axe          |    91 |    35 |       |       |       |       ||   126
       Headbutt          |    15 |    20 |    53 |   114 |   297 |   278 ||   777
       Battleaxe         |       |    96 |   251 |   477 |   725 |       ||  1549
       War axe           |       |       |       |       |   328 |  1106 ||  1434
Throw: Dart              |       |       |       |    27 |   100 |    50 ||   177
Invok: Trog's Hand       |     1 |     2 |     8 |    19 |    31 |    20 ||    81
       Berserk           |     1 |     1 |     4 |     5 |    10 |     8 ||    29
       Brothers in Arms  |       |       |       |     2 |     2 |     1 ||     5
  Use: Scroll            |     5 |     5 |     7 |    12 |    10 |    12 ||    51
       Potion            |       |       |     2 |     5 |     4 |     4 ||    15
 Stab: Distracted        |       |       |       |     1 |       |     1 ||     2
       Petrifying        |       |       |       |       |     1 |       ||     1
       Petrified         |       |       |       |       |     1 |       ||     1
  Eat: Chunk             |     1 |    10 |    16 |    27 |    39 |    16 ||   109
       Ration            |       |       |     1 |     3 |     5 |    10 ||    19
Armor: Ring mail         |    37 |     1 |       |       |       |       ||    38
       Chain mail        |       |    90 |   170 |   378 |   710 |   630 ||  1978
       Plate armour      |       |       |    44 |       |       |       ||    44
Dodge: Dodged            |    65 |    95 |   154 |   235 |   383 |   330 ||  1262
Block: Kite shield       |       |       |       |       |   105 |   630 ||   735
